 Dungeon Crawl Stone Soup version 0.29-a0-878-g7b45a56547 (webtiles) character file.

Game seed: 11497888842094598925

39 Locuples the Chopper (level 3, -6/30 HPs)
             Began as a Minotaur Gladiator on July 20, 2022.
             Mangled by a kobold
             ... wielding a +2 whip of electrocution
              (13 damage)
             ... on level 2 of the Dungeon.
             The game lasted 00:02:26 (1528 turns).

Locuples the Chopper (Minotaur Gladiator)           Turns: 1528, Time: 00:02:27

Health: -6/30      AC:  5    Str: 20    XL:     3   Next: 28%
Magic:  2/2        EV: 12    Int:  5    God:
Gold:   58         SH:  5    Dex: 11    Spells: 2/2 levels left

rFire   . . .      SeeInvis .   a - +0 war axe
rCold   . . .      Faith    .   (no shield)
rNeg    . . .      Spirit   .   o - +0 ring mail
rPois   .          Reflect  +   c - +0 hat
rElec   .          Harm     .   (no cloak)
rCorr   .          Rampage  .   (no gloves)
Will    .....                   (no boots)
Stlth   +.........              l - amulet of reflection
HPRegen 0.10/turn               (no ring)
MPRegen 0.08/turn               (no ring)

@: no status effects
A: horns 2, retaliatory headbutt
a: no special abilities


You were on level 2 of the Dungeon.
You visited 1 branch of the dungeon, and saw 2 of its levels.

You collected 78 gold pieces.
You spent 20 gold pieces at shops.

Inventory:

Hand Weapons
 a - a +0 war axe (weapon)
Missiles
 d - 3 throwing nets (quivered)
 e - a javelin
Armour
 c - a +0 hat (worn)
 o - a +0 ring mail (worn)
Jewellery
 l - an amulet of reflection (around neck)
Wands
 h - a wand of flame (11)
Scrolls
 f - a scroll of identify
 j - 2 scrolls of vulnerability {unknown}
 k - 3 scrolls of enchant weapon {unknown}
 m - a scroll of fog {unknown}
Potions
 g - a potion of curing {unknown}
 i - a potion of ambrosia {unknown}
 n - a potion of heal wounds {unknown}


   Skills:
 + Level 2.8 Fighting
 + Level 4.4 Axes
 - Level 2.0 Throwing
 + Level 1.0 Armour
 + Level 3.8 Dodging


You had 2 spell levels left.
You didn't know any spells.
Your spell library was empty.

Dungeon Overview and Level Annotations

Branches:
Dungeon (2/15)

Altars:

Shops:
D:1 *


Innate Abilities, Weirdness & Mutations

You have a pair of horns on your head.
You reflexively headbutt those who attack you in melee.


Message History

n - an amethyst potion You see here a +0 dagger.
Things that are here:
a +0 club; a goblin corpse
Found a ring mail.
Found a ring mail.
You see here a +0 ring mail.
o - a +0 ring mail You start removing your armour.
You continue taking off your +0 leather armour. x4
You finish taking off your +0 leather armour.
You start putting on your armour.
You continue putting on your +0 ring mail. x5
You finish putting on your +0 ring mail.
You drop a +0 leather armour.
You see here a +0 ring mail.
Found a stone staircase leading up.
There is a stone staircase leading up here.
There is a stone staircase leading up here.
Found a stone staircase leading down.
A kobold comes into view.
It is wielding a +2 whip of electrocution.
The kobold shouts!
The kobold moves out of view.
Found a scroll labelled TOLUF YFUQ.
Found a stone staircase leading up.
The kobold hits you with a +2 whip of electrocution.
You barely miss the kobold.
The kobold hits you with a +2 whip of electrocution.
You barely miss the kobold.
You headbutt the kobold, but do no damage.
The kobold hits you with a +2 whip of electrocution. x2
You are electrocuted!
Ouch! That really hurt!
* * * LOW HITPOINT WARNING * * *
You closely miss the kobold. You block the kobold's attack.
You barely miss the kobold.
You headbutt the kobold, but do no damage.
The kobold hits you with a +2 whip of electrocution.
* * * LOW HITPOINT WARNING * * *
You are electrocuted!
You die...

#..# #.#....... #.##
#.#.####.. #.# #.#.# ###
#.# #.#.# # #.# #######
#.#.# # #.# ?....<.
##.#.# # #.# .......
##....# # ###.#
.......######.###.# #
#...# ......K@......#
#.# # #.###
.......######.###.######
#.# ....... ##...#......
#.# .......
####......... #[#
###.### #...........#
#.# #. #.#####.###.# #.#
# #.# #.# #.# #.#
#####.#####.###.# #.#
.............##.#


You could see a kobold.

Vanquished Creatures
  An adder (D:2)
  A worm (D:2)
  3 dart slugs
  3 endoplasms (D:1)
  A giant cockroach (D:2)
  A hobgoblin (D:1)
  2 quokkas (D:1)
  2 ball pythons
  3 bats
  A frilled lizard (D:1)
  2 goblins (D:2)
  A kobold (D:1)
  3 rats (D:1)
24 creatures vanquished.

Vanquished Creatures (others)
  A fungus (D:2)
  4 plants (D:2)
5 creatures vanquished.

Grand Total: 29 creatures vanquished

Notes
Turn   | Place    | Note
-------+----------+-------------------------------------------
     0 | D:1      | Locuples the Minotaur Gladiator began the quest for the
                  | Orb.
     0 | D:1      | Reached XP level 1. HP: 18/18 MP: 0/0
   160 | D:1      | Found Rewk's General Store.
   193 | D:1      | Reached skill level 4 in Axes
   193 | D:1      | Reached XP level 2. HP: 17/25 MP: 1/1
   754 | D:1      | Bought a scroll of identify for 20 gold pieces
  1092 | D:2      | Reached XP level 3. HP: 18/30 MP: 2/2
  1316 | D:2      | Found a faded altar of an unknown god.
  1385 | D:2      | Reached skill level 1 in Armour
  1528 | D:2      | Mangled by a kobold

Illustrated notes

Levels and vault maps discovered:
D:1:      heliophobic_arrival_dark_side_of_the_moon, layout_basic, serial_shops,
          nicolae_shop_window_shopping
D:2:      layout_loops_ring, shapermc_ecumenical_altar_mp_ritualfount

Skill      XL: |  1  2  3 |
---------------+----------+-----
Axes           | 4 |  4.4
Armour         | 1 |  1.0
Fighting       | |  2.8
Throwing       | |  2.0
Dodging        | |  3.8

Action                   || total
-------------------------++-------
Melee: War axe           ||    51
       Headbutt          ||    10
  Use: Scroll            ||     1
Armor: Leather armour    ||    11
Dodge: Dodged            ||    25
Block: Other             ||     1

Table legend: (Time is in decaauts)
 A = Elapsed time spent in this place.
 B = Non-inter-level travel time spent in this place.
 C = Inter-level travel time spent in this place.
 D = Time resting spent in this place.
 E = Time spent auto-exploring this place.
 F = Levels seen in this place.
 G = Mean time per level.
                   A        B        C        D        E       F      G
               +--------+--------+--------+--------+--------+-----+--------+
         Total |   1542 |   1542 |      0 |      3 |   1222 |   2 |  771.0 |
       Dungeon |   1542 |   1542 |      0 |      3 |   1222 |   2 |  771.0 |
               +--------+--------+--------+--------+--------+-----+--------+

Top non-repeatable levels by time:
     D:1: 990 daAuts
     D:2: 552 daAuts
